 Dungeon Crawl Stone Soup version 0.28-a0-401-ge240ad9e29 (webtiles) character file.

Game seed: 8440247759800760757

51 desmos the Cudgeller (level 3, -1/33 HPs)
             Began as a Hill Orc Berserker on Sept 5, 2021.
             Was a Believer of Trog.
             Slain by an orc (5 damage)
             ... on level 4 of the Dungeon.
             The game lasted 00:12:25 (1979 turns).

desmos the Cudgeller (Hill Orc Berserker)           Turns: 1979, Time: 00:12:25

Health: -1/33      AC: 11    Str: 20    XL:     3   Next: 83%
Magic:  3/3        EV:  8    Int:  7    God:    Trog [**....]
Gold:   110        SH:  0    Dex: 10    Spells: 2/2 levels left

rFire   . . .      SeeInvis .   a - +0 mace
rCold   . . .      Faith    .   (no shield)
rNeg    . . .      Spirit   .   g - +0 chain mail
rPois   .          Reflect  .   e - +0 helmet
rElec   .          Harm     .   (no cloak)
rCorr   .          Rampage  .   (no gloves)
Will    .....                   d - +0 pair of boots
Stlth   ..........              (no amulet)
HPRegen 0.11/turn               l - ring of flight
MPRegen 0.08/turn               (no ring)

@: confused, flying
A: no striking features
a: Renounce Religion, Berserk, Trog's Hand


You were on level 4 of the Dungeon.
You worshipped Trog.
Trog was pleased with you.
You visited 1 branch of the dungeon, and saw 4 of its levels.

You collected 110 gold pieces.

Inventory:

Hand Weapons
 a - a +0 mace (weapon)
 i - a +0 club
Armour
 b - a +0 animal skin
 d - a +0 pair of boots (worn)
 e - a +0 helmet (worn)
 g - a +0 chain mail (worn)
Jewellery
 l - a ring of flight (left hand)
Scrolls
 c - a scroll of identify {unknown}
 f - 2 scrolls of vulnerability {unknown}
 m - a scroll of teleportation {unknown}
Potions
 h - a potion of invisibility {unknown}
 j - a potion of degeneration {unknown}
 k - 2 potions of berserk rage {unknown}


   Skills:
 + Level 4.2 Fighting
 * Level 4.4 Maces & Flails
 + Level 2.4 Armour
 + Level 1.7 Dodging


You had 2 spell levels left.
You didn't know any spells.
Your spell library was empty.

Dungeon Overview and Level Annotations

Branches:
Dungeon (3/15)

Altars:
Hepliaklqana

Annotations:
D:3 Grinder


Message History

You bump into the rock wall.
You hear some strange, mumbled words.
A magic dart appears from out of thin air!
The magic dart hits you.
* * * LOW HITPOINT WARNING * * *
The orc wizard hits you but does no damage.
The orc hits you but does no damage.
Okay, then.
You barely miss the orc.
The orc is lightly wounded.
Something hits you but does no damage.
The orc wizard hits you but does no damage.
The orc barely misses you.
You closely miss the orc.
The orc is lightly wounded.
You feel less confused.
You hear some strange, mumbled words.
Something tries to affect you, but you resist.
The orc wizard gestures at you while chanting.
You are confused.
The orc hits you but does no damage. Something hits you but does no damage.
You closely miss the orc wizard.
The orc wizard points at you and mumbles some strange words.
The magic dart hits you but does no damage.
The orc barely misses you. Something hits you but does no damage.
The orc wizard hits you but does no damage.
You closely miss the orc wizard. The orc barely misses you. Something hits you.
* * * LOW HITPOINT WARNING * * *
The orc wizard points at you and mumbles some strange words.
The puff of flame hits you.
* * * LOW HITPOINT WARNING * * *
The orc closely misses you.
Unknown command.
You bump into the rock wall.
Something hits you but does no damage.
The orc wizard casts a spell.
The orc wizard flickers and vanishes!
The orc closely misses you.
You closely miss something. Something hits you.
* * * LOW HITPOINT WARNING * * *
Something hits you but does no damage. The orc hits you with a +0 flail.
You die...

#
#.###.#####
#.........#
#####.###.#
# .. #.# g#
## #.# .#
#{###.#
#@og.#
#.{##.#
#..# .#
#..# .#
#... ..
#...# ..
#...# .
#...#


You could see an orc and a hobgoblin.

Vanquished Creatures
  An adder (D:2)
  3 dart slugs (D:1)
  An orc (D:4)
  3 endoplasms
  A giant cockroach (D:1)
  5 goblins (D:1)
  A hobgoblin (D:1)
  2 jackals (D:3)
  A kobold (D:3)
  3 quokkas
  6 bats
  3 frilled lizards (D:1)
  2 rats
32 creatures vanquished.

Notes
Turn   | Place    | Note
-------+----------+-------------------------------------------
     0 | D:1      | desmos the Hill Orc Berserker began the quest for the Orb.
     0 | D:1      | Reached XP level 1. HP: 19/19 MP: 1/1
   340 | D:1      | Reached XP level 2. HP: 27/27 MP: 2/2
   705 | D:1      | Reached XP level 3. HP: 22/33 MP: 3/3
  1356 | D:3      | Found a hazy altar of Hepliaklqana.
  1629 | D:3      | Noticed Grinder
  1654 | D:3      | Reached ** piety under Trog
  1868 | D:2      | Found a faded altar of an unknown god.
  1932 | D:2      | You are sucked into a shaft and drop 2 floors!
  1979 | D:4      | Slain by an orc

Illustrated notes

Levels and vault maps discovered:
D:1:      dpeg_arrival_line_fractal, layout_loops_ring, kennysheep_boxes
D:2:      cheibrodos_helix_gallery, layout_basic,
          hellmonk_ecumenical_altar_arch_garden
D:3:      layout_basic, mainiacjoe_overflow_cross_hatched, portal_sewer_entry_a,
          grunt_decor_one_mirror, uniq_grinder, uniq_natasha
D:4:      layout_loops_ring, hangedman_abyss_or_decor_passed

Skill      XL: |  1  2 |
---------------+-------+-----
Fighting       | 4 |  4.2
Maces & Flails | 4 |  4.4
Armour         | |  2.4
Dodging        | |  1.7

Action                   || total
-------------------------++-------
Melee: Mace              ||   106
Armor: Chain mail        ||   128
Dodge: Dodged            ||    61

Table legend: (Time is in decaauts)
 A = Elapsed time spent in this place.
 B = Non-inter-level travel time spent in this place.
 C = Inter-level travel time spent in this place.
 D = Time resting spent in this place.
 E = Time spent auto-exploring this place.
 F = Levels seen in this place.
 G = Mean time per level.
                   A        B        C        D        E       F      G
               +--------+--------+--------+--------+--------+-----+--------+
         Total |   2000 |   1956 |     44 |    517 |    967 |   4 |  500.0 |
       Dungeon |   2000 |   1956 |     44 |    517 |    967 |   4 |  500.0 |
               +--------+--------+--------+--------+--------+-----+--------+

Top non-repeatable levels by time:
     D:1: 1168 daAuts
     D:2: 448 daAuts
     D:3: 332 daAuts
     D:4: 51 daAuts
